 Dungeon Crawl Stone Soup version 0.27.1-33-g824d729ab1 (webtiles) character file.

Game seed: 16558484999266183885

72 halfoni the Chopper (level 4, -2/61 HPs)
             Began as a Minotaur Berserker on Dec 18, 2021.
             Was a Believer of Trog.
             Slain by a gnoll (15 damage)
             ... on level 2 of the Dungeon.
             The game lasted 00:02:29 (1288 turns).

halfoni the Chopper (Minotaur Berserker)            Turns: 1288, Time: 00:02:29

Health: -2/61      AC:  3    Str: 22    XL:     4   Next: 6%
Magic:  3/3        EV: 12    Int:  4    God:    Trog [**....]
Gold:   39         SH:  0    Dex: 10    Spells: 3/3 levels left

rFire    . . .     SeeInvis +   k - +0 great sword
rCold    . . .     Faith    +   (shield currently unavailable)
rNeg     . . .     Spirit   .   h - +0 leather armour
rPois    .         Reflect  .   (helmet restricted)
rElec    .         Harm     .   (no cloak)
rCorr    .         Rampage  .   (no gloves)
Will     .....                  (no boots)
Stlth    ..........             d - amulet of faith
HPRegen  0.20/turn              c - ring of see invisible
MPRegen  0.08/turn              (no ring)

@: berserking, very quick
A: horns 2, retaliatory headbutt
a: Renounce Religion, Berserk, Trog's Hand


You were on level 2 of the Dungeon.
You worshipped Trog.
Trog was pleased with you.
You visited 1 branch of the dungeon, and saw 2 of its levels.

You collected 39 gold pieces.

Inventory:

Hand Weapons
 a - a +0 hand axe
 k - a +0 great sword (weapon)
Armour
 h - a +0 leather armour (worn)
Jewellery
 c - a ring of see invisible (left hand)
 d - an amulet of faith (around neck)
Scrolls
 f - a scroll of identify {unknown}
 g - a scroll of brand weapon {unknown}
 i - a scroll of fog {unknown}
 j - a scroll of enchant weapon {unknown}
 l - a scroll of enchant armour {unknown}
Potions
 b - a potion of might {unknown}
 e - a potion of cancellation {unknown}


   Skills:
 + Level 4.6 Fighting
 * Level 0.8 Long Blades
 - Level 4.7 Axes
 + Level 2.7 Armour
 + Level 2.6 Dodging


You had 3 spell levels left.
You didn't know any spells.
Your spell library was empty.

Dungeon Overview and Level Annotations

Branches:
Dungeon (2/15)

Altars:


Innate Abilities, Weirdness & Mutations

You have a pair of horns on your head.
You reflexively headbutt those who attack you in melee.


Message History

The gnoll barely misses you. The gnoll hits you with a +0 club.
You slash the gnoll! You headbutt the gnoll.
You kill the gnoll!
Trog accepts your kill. The gnoll barely misses you.
The gnoll hits you from afar with a +0 halberd.
You have reached level 4!
You feel agile.
A red film seems to cover your vision as you go berserk!
You feel yourself moving faster!
You feel mighty! The gnoll hits you but does no damage. The hobgoblin hits you.
You closely miss the rat. The rat bites you but does no damage.
The gnoll barely misses you. The hobgoblin hits you.
You barely miss the rat. The rat closely misses you.
The gnoll hits you from afar with a +0 halberd!
The hobgoblin hits you.
* * * LOW HITPOINT WARNING * * *
You are too injured to fight recklessly!
You are too injured to fight recklessly!
You are too injured to fight recklessly!
Unknown command.
You slice the hobgoblin!!
You kill the hobgoblin!
Trog accepts your kill. The rat closely misses you.
The gnoll hits you but does no damage. The dart slug bites you.
* * * LOW HITPOINT WARNING * * *
You slash the rat!
You feel the power of Trog in you as your rage grows.
You kill the rat!
Trog accepts your kill.
The gnoll hits you from afar with a +0 halberd.
* * * LOW HITPOINT WARNING * * *
The dart slug launches a dart at you.
The slug dart hits you but does no damage.
You slice the dart slug!!
You kill the dart slug!
Trog accepts your kill.
The gnoll hits you from afar with a +0 halberd!
You die...

.......... #........#
#..>.....#####
.......!.......
............ .####
.....g....# ....
#.......)..#####..#
.......@..#.(....###
###...........###..(.
#...........####...# #
#...........####...###.#
#......................#.#
.#..........#.....†.......#
............#†.............
...####.##..#............##
#.##....†........#.#


You could see a gnoll.

Vanquished Creatures
  3 gnolls
  2 dart slugs (D:2)
  3 ball pythons
  3 endoplasms
  A giant cockroach (D:1)
  6 goblins (D:1)
  5 hobgoblins
  4 kobolds
  A quokka (D:1)
  3 bats
  4 frilled lizards (D:1)
  6 rats
41 creatures vanquished.

Notes
Turn   | Place    | Note
-------+----------+-------------------------------------------
     0 | D:1      | halfoni the Minotaur Berserker began the quest for the Orb.
     0 | D:1      | Reached XP level 1. HP: 19/19 MP: 0/0
   349 | D:1      | Found a faded altar of an unknown god.
   356 | D:1      | Reached XP level 2. HP: 27/27 MP: 1/1
   755 | D:1      | Reached XP level 3. HP: 33/33 MP: 2/2
   806 | D:1      | Reached ** piety under Trog
  1283 | D:2      | Reached XP level 4. HP: 25/41 MP: 3/3
  1288 | D:2      | Slain by a gnoll

Illustrated notes

Levels and vault maps discovered:
D:1:      scummos_arrival_gate, layout_loops_ring,
          hellmonk_ecumenical_altar_lost_god, minmay_tall_x
D:2:      layout_rooms, wad_orctagon

Skill      XL: |  1  2 |
---------------+-------+-----
Axes           | 4 |  4.7
Fighting       | 4 |  4.6
Long Blades    | |  0.8
Armour         | |  2.7
Dodging        | |  2.6

Action                   |  1- 3 |  4- 6 || total
-------------------------+-------+-------++-------
Melee: Hand axe          |    55 |       ||    55
       Headbutt          |     8 |       ||     8
       Great sword       |     3 |     5 ||     8
Invok: Berserk           |       |     1 ||     1
Armor: Animal skin       |     3 |       ||     3
       Leather armour    |    12 |     4 ||    16
Dodge: Dodged            |    32 |     3 ||    35
